 Dungeon Crawl Stone Soup version 0.23-a0-650-ga4d50d4 (webtiles) character file.

1860 galech the Chopper (level 8, -8/61 HPs)
             Began as a Demonspawn Fighter on Jan 4, 2019.
             Was a Follower of Okawaru.
             Mangled by an orc warrior
             ... wielding a +2 mace of protection
              (12 damage)
             ... on level 5 of the Dungeon.
             The game lasted 00:08:21 (6452 turns).

galech the Chopper (Demonspawn Fighter)             Turns: 6452, Time: 00:08:22

Health: -8/61      AC: 12    Str: 17    XL:     8   Next: 89%
Magic:  8/8        EV:  7    Int: 10    God:    Okawaru [*.....]
Gold:   219        SH: 12    Dex: 20    Spells: 7/7 levels left

rFire    + . .     SeeInvis .   i - +0 hand axe "Ixineat" {chop, rPois Dex+6}
rCold    . . .     Gourm    .   y - +2 shield
rNeg     . . .     Faith    .   w - +0 plate armour
rPois    +         Spirit   .   (helmet restricted)
rElec    .         Reflect  .   (no cloak)
rCorr    .         Harm     .   (no gloves)
MR       .....                  (no boots)
Stlth    ..........             (no amulet)
HPRegen  0.20/turn              (no ring)
MPRegen  0.11/turn              (no ring)

@: drained
A: antennae 1, repulsion field 2, fire resistance 1
a: Heroism, Renounce Religion


You were on level 5 of the Dungeon.
You worshipped Okawaru.
Okawaru was aware of your devotion.
You were hungry.

You visited 1 branch of the dungeon, and saw 6 of its levels.

You collected 219 gold pieces.

Inventory:

Hand Weapons
 a - a +0 war axe
 i - the +0 hand axe "Ixineat" (weapon) {chop, rPois Dex+6}
   (You found it on level 5 of the Dungeon)

   It inflicts extra damage upon your enemies.
   It affects your dexterity (+6).
   It protects you from poison.
Armour
 b - a +0 scale mail
 c - a +0 shield
 w - a +0 plate armour (worn)
 y - a +2 shield (worn)
 A - the +4 robe "Tashrimn" {rElec rCorr Int+3 Dex-2}
   (You found it on level 5 of the Dungeon)

   It affects your intelligence (+3).
   It affects your dexterity (-2).
   It insulates you from electricity.
   It provides partial protection from all sources of acid and corrosion.
Scrolls
 g - 2 scrolls of amnesia
 l - a scroll of noise
 m - a scroll of blinking
 o - 3 scrolls of immolation
 q - a scroll of fear
 r - a scroll of random uselessness
 u - a scroll of remove curse
 z - a scroll of enchant armour
Potions
 e - a potion of invisibility
 h - a potion of cancellation
 j - a potion of ambrosia {unknown}
 k - a potion of agility
 n - a potion of haste
 p - a potion of curing
 s - a potion of brilliance
 t - a potion of degeneration
 v - 2 potions of lignification {unknown}
 x - a potion of mutation {unknown}
 B - a potion of flight {unknown}
Comestibles
 f - 8 rations


   Skills:
 + Level 4.9(4.7) Fighting
 + Level 7.1(6.9) Axes
 + Level 5.6(5.4) Armour
 + Level 1.8(1.6) Dodging
 + Level 0.8(0.6) Stealth
 + Level 5.1(4.9) Shields


You had 7 spell levels left.
You didn't know any spells.
Your spell library was empty.

Dungeon Overview and Level Annotations

Branches:
Dungeon (6/15)
 Temple: D:4-7

Altars:
Gozag
Makhleb
Okawaru
Sif Muna
Yredelemnul
Zin


Innate Abilities, Weirdness & Mutations

You have a pair of small antennae on your head.
You are surrounded by a moderate repulsion field. (EV +3)
Your flesh is heat resistant. (rF+)


Message History

You block the orc warrior's attack.
You hit the orc warrior but do no damage.
You block the orc warrior's attack.
You closely miss the orc warrior.
You hit the orc warrior but do no damage.
You block the orc warrior's attack.
You closely miss the orc warrior. You block the orc warrior's attack.
You hit the orc warrior but do no damage.
The orc warrior hits you with a +2 mace of protection!
* * * LOW HITPOINT WARNING * * *
You hit the orc warrior but do no damage.
The orc warrior hits you with a +2 mace of protection.
* * * LOW HITPOINT WARNING * * *
You hit the orc warrior but do no damage.
The orc warrior hits you with a +2 mace of protection!
* * * LOW HITPOINT WARNING * * *
You closely miss the orc warrior. You closely miss the orc warrior.
The orc warrior hits you with a +2 mace of protection!
You die...

# #.# #.#.##.....).#......
#######.# #.#.##......##....##
.....##.# #...##............#
.....##.# ##..##........#####
..#..##.# #..##........######
.....##.# ##.##..............
.....##.# #####.###.(...........
####'##.####...#o)...............
......#.........@[...............
......######...#.....###......###
.)##..# #....#...###_###....#
..##()# #.####.###.....######
...(..# #.# ###.........###
..)...# #.# #_.....#....._#
#####)# #.####....#...#....#
####.)# #....#..#.......#..#
.....## #....'.............#


You could see an orc warrior.

Vanquished Creatures
  Grinder (D:4)
  Sigmund (D:2)
  A water moccasin (D:5)
  A sky beast (D:5)
  An ice beast (D:5)
  A phantom (D:5)
  2 ogres
  2 centaurs (D:5)
  A bullfrog (D:6)
  A wight (D:5)
  A howler monkey (D:6)
  A crimson imp (D:5)
  3 orc priests
  A hound (D:5)
  5 orc wizards
  2 iguanas (D:5)
  Natasha (thrice) (D:4)
  A worker ant (D:3)
  A hound zombie (D:5)
  A hound skeleton (D:5)
  2 worker ant zombies
  6 adders
  4 gnolls (D:6)
  An ooze (D:6)
  An adder skeleton (D:5)
  3 worms
  2 leopard geckos
  20 orcs
  5 ball pythons
  7 bats
  5 giant cockroaches
  6 goblins
  5 hobgoblins
  2 jackals (D:1)
  3 quokkas
  5 frilled lizards
  A jackal zombie (D:5)
  9 kobolds
  6 rats
124 creatures vanquished.

Vanquished Creatures (others)
  A plant (D:6)
1 creature vanquished.

Grand Total: 125 creatures vanquished

Notes
Turn   | Place    | Note
-------+----------+-------------------------------------------
     0 | D:1      | galech the Demonspawn Fighter began the quest for the Orb.
     0 | D:1      | Reached XP level 1. HP: 18/18 MP: 1/1
   212 | D:1      | Reached skill level 2 in Axes
   243 | D:1      | Gained mutation: You are surrounded by a mild repulsion
                  | field. (EV +2) [demonic ancestry]
   243 | D:1      | Reached XP level 2. HP: 20/24 MP: 2/2
   817 | D:1      | Reached XP level 3. HP: 29/29 MP: 3/3
  1009 | D:2      | Noticed Sigmund
  1022 | D:2      | Killed Sigmund
  1022 | D:2      | Reached skill level 3 in Axes
  1022 | D:2      | Gained mutation: Your flesh is heat resistant. (rF+)
                  | [demonic ancestry]
  1022 | D:2      | Reached XP level 4. HP: 7/36 MP: 4/4
  1022 | D:2      | Gained mutation: You are surrounded by a moderate repulsion
                  | field. (EV +3) [demonic ancestry]
  1022 | D:2      | Reached XP level 5. HP: 8/41 MP: 5/5
  2188 | D:3      | Reached skill level 1 in Dodging
  2188 | D:3      | Reached XP level 6. HP: 34/48 MP: 6/6
  2706 | D:3      | Reached skill level 4 in Axes
  2997 | D:4      | Noticed Natasha
  3002 | D:4      | Killed Natasha
  3387 | D:4      | Noticed Natasha
  3399 | D:4      | Killed Natasha
  3433 | D:4      | Noticed Natasha
  3442 | D:4      | Killed Natasha
  3442 | D:4      | Gained mutation: You have a pair of small antennae on your
                  | head. [demonic ancestry]
  3442 | D:4      | Reached XP level 7. HP: 48/53 MP: 7/7
  3465 | D:4      | Noticed Grinder
  3487 | D:4      | Killed Grinder
  3487 | D:4      | Reached skill level 5 in Axes
  3666 | D:5      | Entered Level 5 of the Dungeon
  3693 | D:5      | Reached skill level 5 in Armour
  3714 | D:5      | Got a distressingly furry robe
  3725 | D:5      | Identified the +4 robe "Tashrimn" {rElec rCorr Int+3 Dex-2}
                  | (You found it on level 5 of the Dungeon)
  4293 | D:5      | Found an opulent altar of Gozag.
  4293 | D:5      | Found a deep blue altar of Sif Muna.
  4293 | D:5      | Found a burning altar of Makhleb.
  4293 | D:5      | Found a glowing silver altar of Zin.
  4301 | D:5      | Found an iron altar of Okawaru.
  4307 | D:5      | Found a basalt altar of Yredelemnul.
  4309 | D:5      | Became a worshipper of Warmaster Okawaru
  4448 | D:5      | Reached XP level 8. HP: 61/61 MP: 8/8
  4642 | D:5      | Reached skill level 6 in Axes
  5374 | D:5      | Reached * piety under Okawaru
  5730 | D:5      | Reached skill level 5 in Shields
  5740 | D:5      | Got a translucent hand axe
  5741 | D:5      | Identified the cursed +0 hand axe "Ixineat" {chop, rPois
                  | Dex+6} (You found it on level 5 of the Dungeon)
  6059 | D:6      | Reached skill level 7 in Axes
  6450 | D:5      | HP: 3/61 [orc warrior/+2 mace of protection (7)]
  6452 | D:5      | Mangled by an orc warrior

Vault maps used:
D:1:      grunt_arrival_crossed_arrows
D:2:      serial_bayou, serial_bayou_pond_d, serial_bayou_lagoon_b,
          serial_bayou_lake_a, serial_bayou_lagoon_a, uniq_sigmund
D:3:      minmay_shallow_snake_nest
D:4:      uniq_grinder, uniq_natasha
D:5:      minmay_clustersquares, minmay_overflow_temple_hex, first_ration,
          minmay_misc_feat_plants
D:6:      kennysheep_mini, chequers_temple_overflow_statue_of_worship,
          minmay_temple_entry_overgrown, uniq_edmund

Skill      XL: |  1  2  3  4  5  6  7  8 |
---------------+-------------------------+-----
Axes           | 2 3 4 5 7 |  7.1
Armour         | 3 4 5 |  5.6
Shields        | 3 4 5 |  5.1
Dodging        | 1 |  1.8
Fighting       | 4 |  4.9
Stealth        | |  0.8

Action                   |  1- 3 |  4- 6 |  7- 9 || total
-------------------------+-------+-------+-------++-------
Melee: War axe           |   108 |   178 |   230 ||   516
       Hand axe          |       |       |    89 ||    89
Invok: Heroism           |       |       |     2 ||     2
  Use: Potion            |     1 |     1 |     3 ||     5
       Scroll            |       |       |    20 ||    20
  Eat: Chunk             |     1 |     7 |     7 ||    15
       Ration            |       |       |     1 ||     1
Armor: Scale mail        |    43 |    29 |       ||    72
       Plate armour      |       |    62 |    96 ||   158
       Robe              |       |       |    15 ||    15
Dodge: Dodged            |    46 |    46 |    79 ||   171
Block: Shield            |    54 |    83 |   168 ||   305

Table legend:
 A = Non-vault XP
 B = Vault XP
 C = Vault XP percentage of total XP
 D = Non-vault monster count
 E = Vault monster count
 F = Vault count percentage of total count
                 A         B        C        D         E       F
            +---------+---------+-------+---------+---------+-------
      Total |    1378 |    1280 |  48.2 |     102 |      22 |  17.7
            +---------+---------+-------+---------+---------+-------
        D:1 |      44 |       0 |   0.0 |      27 |       0 |   0.0
        D:2 |      43 |     208 |  82.9 |      18 |       1 |   5.3
        D:3 |     140 |      21 |  13.0 |      14 |       5 |  26.3
        D:4 |     243 |     316 |  56.5 |       8 |       2 |  20.0
        D:5 |     685 |     735 |  51.8 |      25 |      14 |  35.9
        D:6 |     223 |       0 |   0.0 |      10 |       0 |   0.0
            +---------+---------+-------+---------+---------+-------
